 Dungeon Crawl Stone Soup version 0.30-a0-883-g5ad918d77d (webtiles) character file.

Game seed: 6051312511233026711

1183 Maxmaps the Martial Artist (level 8, -4/58 (60) HPs)
             Began as a Demonspawn Monk on Mar 16, 2023.
             Slain by a wight
             ... wielding a +0 battleaxe
              (15 damage)
             ... on level 6 of the Dungeon.
             The game lasted 00:05:51 (5719 turns).

Maxmaps the Martial Artist (Demonspawn Monk)        Turns: 5719, Time: 00:05:52

HP:   -4/58 (60)    AC: 10    Str: 12    XL:     8   Next: 19%
MP:   8/8           EV: 11    Int: 13    God:
Gold: 232           SH:  4    Dex: 16    Spells: 7/7 levels left

rFire   + + .      SeeInvis .      - Unarmed
rCold   . . .      Faith    .    (no shield)
rNeg    . . .      Spirit   .    d - +1 ring mail {rF+}
rPois   .          Reflect  .    (no helmet)
rElec   .          Rampage  .    (no cloak)
rCorr   .                        (no gloves)
Will    .....                    f - +1 pair of boots
Stlth   +                        (no amulet)
HPRegen 0.29/turn                o - ring of protection from fire
MPRegen 0.11/turn                (no ring)

@: lightly drained
A: claws 1, icy blue scales 1, condensation shield
a: no special abilities


You were on level 6 of the Dungeon.
You visited 2 branches of the dungeon, and saw 7 of its levels.

You collected 232 gold pieces.

Inventory:

Armour
 d - a +1 ring mail of fire resistance (worn)
 f - a +1 pair of boots (worn)
Jewellery
 o - a ring of protection from fire (left claw)
Wands
 h - a wand of flame (24)
Scrolls
 c - 2 scrolls of teleportation
 l - 2 scrolls of fog
Potions
 a - a potion of flight {unknown}
 b - a potion of ambrosia
 j - 3 potions of attraction
 k - 4 potions of curing
 n - a potion of degeneration {unknown}
 r - a potion of resistance
 s - a potion of mutation {unknown}


   Skills:
 - Level 4.3 Fighting
 - Level 2.6 Dodging
 - Level 1.7 Stealth
 + Level 9.0 Unarmed Combat


You had 7 spell levels left.
You didn't know any spells.
Your spell library contained the following spells:

 Spells                   Type           Power      Damage    Failure   Level
 Apportation              Tloc           0%         N/A       56%         1
 Freeze                   Ice            0%         1d3       56%         1
 Necrotise                Necr           0%         1d4       56%         1
 Summon Small Mammal      Summ           0%         N/A       56%         1
 Frozen Ramparts          Ice            0%         1d1       91%         3
 Hailstorm                Conj/Ice       0%         3d3       91%         3


Dungeon Overview and Level Annotations

Branches:
Dungeon (6/15)             Temple (1/1) D:6

Altars:
Dithmenos
Fedhas
Makhleb
Okawaru
Ru
Sif Muna
Trog
Vehumet
Wu Jian
Yredelemnul

Annotations:
D:4 2 transporters


Innate Abilities, Weirdness & Mutations

You have sharp fingernails.
You are partially covered in icy blue scales. (AC +2)
A meltable shield of frost defends you. (SH +4)


Message History

The wight is heavily damaged.
The wight hits you with a +1 dire flail.
You claw the wight!
You destroy the wight!
The wight hits you from afar with a +1 halberd of pain.
You feel drained. The wight misses you.
Things that are here:
a +1 dire flail; a +0 robe You scratch the wight but do no damage.
The wight hits you with a +1 halberd of pain!
You feel drained.
You barely miss the wight. The wight barely misses you.
You barely miss the wight. You scratch the wight.
The wight is lightly damaged.
The wight misses you.
You scratch the wight. You claw the wight, but do no damage.
The wight is lightly damaged.
The wight hits you with a +1 halberd of pain.
You feel drained.
You scratch the wight.
The wight is heavily damaged.
The wight hits you with a +1 halberd of pain!
You claw the wight!
You destroy the wight!
You claw the wight!
The wight is almost destroyed.
The wight closely misses you.
Okay, then.
You claw the wight!
You destroy the wight!
Your Unarmed Combat skill increases to level 9!
The wight hits you with a +0 battleaxe!
* * * LOW HITPOINT WARNING * * *
Items here: )) [[.
You scratch the wight but do no damage. The wight barely misses you.
You closely miss the wight. The wight misses you.
You scratch the wight but do no damage. The wight hits you with a +0 battleaxe!
You die...

##############.# #######
............(..# #.....#
.......$.......# #
##.###.#
.....z.z.......#.# ...#
#.# #...........# ######.#
#...[z...##. #......######
#####.....#
#.#####.....########.....#
#<# #........)@z.......#
#.# #.....########.....#
#.#####.....#### #.....#
#.....#####รท##<# #.....#
#####.# #.##.# #.....# .##
#.# #.##.## #.....# ..#
#.#####.....# #.....# #.#
#..........## #....)#
..#####.....[..#


You could see a wight.

Vanquished Creatures
  Edmund (D:6)
  A black bear (D:2)
  An ice beast (D:5)
  A phantom (D:5)
  2 scorpions (D:5)
  3 wights (D:6)
  An orc priest (D:5)
  2 hounds
  A jelly (D:6)
  3 iguanas
  4 orc wizards (D:5)
  9 adders
  3 gnolls (D:3)
  A shadow imp (D:5)
  A white imp (D:5)
  3 worms
  4 dart slugs
  6 orcs
  5 ball pythons
  8 endoplasms
  2 giant cockroaches
  11 hobgoblins
  5 jackals
  6 kobolds
  5 quokkas
  6 bats
  4 frilled lizards
  9 goblins
  6 rats
  A spectral orc (D:4)
115 creatures vanquished.

Notes
Turn   | Place    | Note
-------+----------+-------------------------------------------
     0 | D:1      | Maxmaps the Demonspawn Monk began the quest for the Orb.
     0 | D:1      | Reached XP level 1. HP: 18/18 MP: 1/1
   169 | D:1      | Gained mutation: You are partially covered in icy blue
                  | scales. (AC +2) [demonic ancestry]
   169 | D:1      | Reached XP level 2. HP: 12/24 MP: 2/2
   395 | D:1      | Found a faded altar of an unknown god.
   813 | D:1      | Gained mutation: You have sharp fingernails. [demonic
                  | ancestry]
   813 | D:1      | Reached XP level 3. HP: 28/30 MP: 3/3
  1564 | D:2      | Reached skill level 3 in Unarmed Combat
  1901 | D:2      | Reached XP level 4. HP: 37/37 MP: 4/4
  1929 | D:2      | Noticed a black bear
  1941 | D:2      | Killed a black bear
  1942 | D:2      | Reached skill level 4 in Unarmed Combat
  1942 | D:2      | Reached XP level 5. HP: 42/42 MP: 5/5
  2163 | D:3      | Found a sacrificial altar of Ru.
  2218 | D:3      | Found a shadowy altar of Dithmenos.
  2256 | D:3      | Reached skill level 5 in Unarmed Combat
  2661 | D:3      | HP: 1/42 [gnoll/+0 spear (3)]
  3098 | D:4      | Reached XP level 6. HP: 48/48 MP: 6/6
  3449 | D:4      | Found a transporter.
  3451 | D:4      | Noticed an ice beast
  3451 | D:4      | Noticed an ice beast
  3451 | D:4      | Noticed an ice beast
  3541 | D:4      | Found a transporter.
  3753 | D:4      | Found a basalt altar of Yredelemnul.
  3901 | D:4      | Reached skill level 6 in Unarmed Combat
  3994 | D:5      | Entered Level 5 of the Dungeon
  4415 | D:5      | Gained mutation: A meltable shield of frost defends you.
                  | (SH +4) [demonic ancestry]
  4415 | D:5      | Reached XP level 7. HP: 54/54 MP: 7/7
  4786 | D:5      | Reached skill level 7 in Unarmed Combat
  5305 | D:5      | Reached skill level 8 in Unarmed Combat
  5408 | D:6      | Found a staircase to the Ecumenical Temple.
  5499 | D:6      | Noticed Edmund
  5550 | Temple   | Entered the Ecumenical Temple
  5569 | D:6      | Killed Edmund
  5570 | D:6      | Reached XP level 8. HP: 41/60 MP: 8/8
  5716 | D:6      | Reached skill level 9 in Unarmed Combat
  5719 | D:6      | Slain by a wight

Illustrated notes

Levels and vault maps discovered:
D:1:      minmay_arrival_floating_metal, layout_basic,
          hellmonk_ecumenical_altar_pennies_from_heaven
D:2:      layout_loops_corners
D:3:      layout_loops_ring, nicolae_tso_swordbearing_angel,
          general_overflow_altar, nicolae_dithmenos_shadow_blocks
D:4:      gammafunk_cloud_chamber, layout_basic,
          yredelemnul_forgotten_temple_becter, hangedman_abyss_or_decor_stabs,
          due_unseen_surprise
D:5:      layout_loops_corners
D:6:      layout_basic, zin_purify, minmay_temple_entry_wispy, uniq_maggie,
          uniq_eustachio, uniq_edmund
Temple:   hellmonk_temple_micro_hex

Skill      XL: |  1  2  3  4  5  6  7  8 |
---------------+-------------------------+-----
Fighting       | 4 |  4.3
Unarmed Combat | 3 4 5 6 8 9 |  9.0
Dodging        | |  2.6
Stealth        | |  1.7

Action                     |  1- 3 |  4- 6 |  7- 9 || total
---------------------------+-------+-------+-------++-------
  Melee: Unarmed           |   169 |   224 |    99 ||   492
         Punch             |     2 |    11 |     7 ||    20
    Use: Potion            |       |     2 |     1 ||     3
         Scroll            |       |     7 |     2 ||     9
   Stab: Sleeping          |     4 |     2 |     1 ||     7
         Invisible         |       |       |     3 ||     3
 Armour: Robe              |    36 |       |       ||    36
         Ring mail         |    16 |   110 |    33 ||   159
         Skin              |       |    15 |     1 ||    16
  Dodge: Dodged            |    98 |   136 |    43 ||   277
  Block: Other             |       |       |    10 ||    10

Table legend: (Time is in decaauts)
 A = Elapsed time spent in this place.
 B = Non-inter-level travel time spent in this place.
 C = Inter-level travel time spent in this place.
 D = Time resting spent in this place.
 E = Time spent auto-exploring this place.
 F = Levels seen in this place.
 G = Mean time per level.
                   A        B        C        D        E       F      G
               +--------+--------+--------+--------+--------+-----+--------+
         Total |   5691 |   5531 |    160 |    639 |   3895 |   7 |  813.0 |
       Dungeon |   5689 |   5529 |    160 |    639 |   3895 |   6 |  948.2 |
        Temple |      1 |      1 |      0 |      0 |      0 |   1 |    1.0 |
               +--------+--------+--------+--------+--------+-----+--------+

Top non-repeatable levels by time:
     D:5: 1319 daAuts
     D:1: 1167 daAuts
     D:3: 957 daAuts
     D:2: 952 daAuts
     D:4: 911 daAuts
     D:6: 382 daAuts
  Temple: 1 daAuts
